Map: [ESL] Data-C

Players

Krystianer - Winner!

  • Race: Protoss Protoss
  • Spawn Location: 9:00

Hellraiser

  • Race: Protoss Protoss
  • Spawn Location: 3:00

Event: DreamHack SC2 Masters 2022 Atlanta (Online)

VOD

Have the link to the VOD?

Description

Time

  • Played on: Sept. 28, 2022, 10:46 a.m.
  • Length: 7:51

All games in this series

Show
View Real Time Build Order
Export as new Build Order

Krystianer Protoss - Winner!

Build Orders: 1 Gate Expand 

Get SALT Encoding   

  12  0:00  Probe  
  13  0:12  Probe  
  14  0:17  Pylon  
  14  0:24  Probe (Chrono Boost)  
  15  0:36  Probe (Chrono Boost)  
  15  0:38  Gateway  
  16  0:44  Probe (Chrono Boost)  
  16  0:46  Assimilator  
  17  0:50  Probe  
  18  1:02  Probe  
  19  1:15  Probe (Chrono Boost)  
  20  1:23  Nexus  
  20  1:28  Probe (Chrono Boost)  
  21  1:36  Cybernetics Core  
  21  1:41  Assimilator  
  21  1:48  Zealot  
  23  1:54  Pylon  
  23  2:12  Probe  
  23  2:13  Warp Gate, Stalker (Chrono Boost)  
  26  2:25  Probe  
  27  2:34  Stalker (Chrono Boost)  
  30  2:37  Probe  
  30  2:45  Robotics Facility  
  30  2:46  Probe  
  30  2:49  Probe  
  32  2:55  Stalker (Chrono Boost)  
  34  3:00  Shield Battery  
  34  3:02  Probe  
  33  3:06  Probe  
  34  3:14  Probe  
  34  3:18  Probe  
  36  3:25  Shield Battery, Stalker  
  39  3:29  Probe (Chrono Boost)  
  39  3:30  Probe (Chrono Boost)  
  39  3:33  Observer  
  40  3:39  Gateway  
  40  3:40  Probe (Chrono Boost)  
  42  3:42  Probe (Chrono Boost)  
  42  3:45  Probe (Chrono Boost)  
  43  3:50  Probe, Pylon  
  44  3:57  Probe  
  44  4:02  Probe  
  46  4:04  Twilight Council  
  46  4:09  Probe, Stalker  
  49  4:12  Pylon  
  49  4:15  Assimilator  
  49  4:16  Probe  
  50  4:23  Probe  
  51  4:25  Gateway  
  51  4:29  Observer, Probe  
  51  4:30  Blink (Chrono Boost)  
  53  4:33  Stalker  
  53  4:34  Stalker  
  57  4:44  Probe  
  57  4:45  Probe  
  58  4:57  Stalker x2, Pylon  
  62  5:06  Nexus  
  62  5:12  Probe  
  62  5:15  Probe  
  63  5:24  Probe, Stalker x2, Pylon  
  63  5:26  Stalker  
  70  5:33  Pylon  
  70  5:42  Probe x2  
  72  5:46  Forge  
  72  5:48  Observer  
  72  5:50  Stalker x3  
  72  5:54  Probe x2  
  80  5:59  Pylon  
  80  6:06  Probe x2  
  79  6:18  Probe  
  79  6:19  Probe, Stalker x3  
  79  6:20  Probe  
  86  6:31  Probe x2  
  87  6:39  Gateway  
  85  6:41  Gateway  
  85  6:42  Stalker  
  85  6:43  Stalker x2  
  90  6:47  Photon Cannon  
  90  6:49  Probe  
  90  6:54  Gateway  
  91  6:56  Observer  
  91  6:57  Probe  
  93  7:05  Gateway  
  93  7:06  Stalker  
  93  7:07  Gateway  
  95  7:09  Adept x2  
  95  7:11  Probe  
  95  7:12  Probe  
  101  7:17  Probe  
  97  7:23  Probe  
  97  7:24  Probe  
  94  7:30  Probe  
  94  7:34  Stalker x4  
  94  7:35  Probe  
  94  7:36  Probe  
Show
View Real Time Build Order
Export as new Build Order

Hellraiser Protoss 

Build Orders: Oracle Opening 

Get SALT Encoding   

  12  0:00  Probe  
  13  0:12  Probe  
  14  0:18  Pylon  
  14  0:25  Probe (Chrono Boost)  
  15  0:37  Probe (Chrono Boost), Gateway  
  16  0:45  Probe (Chrono Boost)  
  16  0:46  Assimilator  
  17  0:51  Probe  
  17  0:55  Assimilator  
  18  1:03  Probe (Chrono Boost)  
  19  1:09  Gateway  
  19  1:13  Probe (Chrono Boost)  
  19  1:18  Probe  
  21  1:26  Cybernetics Core  
  21  1:30  Probe  
  22  1:39  Pylon  
  22  1:42  Probe  
  23  1:57  Probe  
  23  1:59  Warp Gate (Chrono Boost)  
  24  2:02  Adept x2  
  28  2:10  Pylon  
  28  2:18  Gateway  
  28  2:32  Stalker x2  
  32  2:39  Pylon  
  32  2:59  Pylon  
  32  3:01  Stargate  
  31  3:14  Nexus  
  31  3:15  Pylon  
  31  3:18  Probe  
  30  3:22  Shield Battery  
  30  3:30  Probe (Chrono Boost)  
  32  3:42  Probe (Chrono Boost)  
  32  3:46  Oracle  
  35  3:49  Probe (Chrono Boost)  
  35  3:54  Robotics Facility  
  36  3:56  Probe  
  37  4:07  Pylon  
  37  4:08  Probe  
  38  4:20  Probe  
  38  4:22  Oracle (Chrono Boost)  
  38  4:23  Probe  
  39  4:31  Probe  
  43  4:33  Shield Battery, Probe  
  45  4:41  Observer, Probe  
  45  4:45  Probe  
  48  4:53  Probe  
  48  4:57  Probe  
  50  5:02  Immortal (Chrono Boost)  
  50  5:03  Pylon  
  50  5:05  Probe  
  55  5:09  Probe  
  56  5:17  Probe  
  56  5:20  Forge  
  58  5:21  Probe  
  58  5:24  Nexus  
  58  5:29  Pylon  
  58  5:33  Twilight Council  
  59  5:37  Sentry, Stalker  
  59  5:41  Immortal (Chrono Boost)  
  62  5:48  Shield Battery, Probe  
  67  5:50  Probe  
  68  6:00  Gateway, Probe  
  68  6:02  Probe  
  70  6:07  Stalker  
  70  6:10  Stalker  
  74  6:13  Probe  
  75  6:19  Immortal (Chrono Boost)  
  71  6:29  Probe  
  72  6:35  Stalker x2  
  72  6:37  Probe x2  
  72  6:38  Shield Battery  
  76  6:41  Probe, Assimilator  
  77  6:49  Probe x2  
  77  6:53  Probe, Pylon  
  80  7:01  Probe x2  
  82  7:03  Zealot x3  
  82  7:05  Probe  
  89  7:11  Gateway  
  89  7:13  Probe  
  89  7:14  Gateway  
  85  7:34  Probe  
  85  7:35  Probe  
Tags
 
Add a new tag
Caveats
  • Supply blocks, unpowered buildings, or Contaminate may cause inaccurate times.
  • Supply counts are checked every 10 seconds.